 Dungeon Crawl Stone Soup version 0.28-a0-1032-ga8db75c868 (webtiles) character file.

Game seed: 3821930804112881304

876 Majang the Chopper (level 8, -2/70 HPs)
             Began as a Ghoul Gladiator on Dec 7, 2021.
             Slain by Menkaure (12 damage)
             ... on level 4 of the Dungeon.
             The game lasted 00:13:35 (4003 turns).

Majang the Chopper (Ghoul Gladiator)                Turns: 4003, Time: 00:13:36

Health: -2/70      AC: 10    Str: 20    XL:     8   Next: 4%
Magic:  7/7        EV: 11    Int:  7    God:
Gold:   248        SH:  0    Dex: 10    Spells: 7/7 levels left

rFire   . . .      SeeInvis .   a - +1 war axe
rCold   + . .      Faith    .   (no shield)
rNeg    + + +      Spirit   .   n - +0 ring mail
rPois   ∞          Reflect  .   c - +2 helmet
rElec   .          Harm     .   m - +1 cloak "Vuttueh" {Int+4}
rCorr   +          Rampage  .   (no gloves)
Will    .....                   (no boots)
Stlth   ..........              (no amulet)
HPRegen 0.00/turn               f - ring of resist corrosion
MPRegen 0.10/turn               (no ring)

@: attractive, inhibited regen
A: claws 1, cold resistance 1, negative energy resistance 3, inhibited
regeneration, torment resistance 2
a: no special abilities


You were on level 4 of the Dungeon.
You visited 1 branch of the dungeon, and saw 4 of its levels.
You also visited: Sewer.

You collected 248 gold pieces.

Inventory:

Hand Weapons
 a - a +1 war axe (weapon)
 p - a +0 morningstar
Missiles
 d - a throwing net
 g - 6 boomerangs
 h - 12 poisoned darts (quivered)
Armour
 b - a +0 leather armour
 c - a +2 helmet (worn)
 e - a +0 tower shield
 i - a +0 scale mail
 m - the +1 cloak "Vuttueh" (worn) {Int+4}
   (You found it in a sewer)

   Int:       It affects your intelligence (+4).
 n - a +0 ring mail (worn)
Jewellery
 f - a ring of resist corrosion (left claw)
Wands
 j - a wand of flame (11)
Scrolls
 k - 2 scrolls of enchant armour


   Skills:
 + Level 5.9 Fighting
 * Level 7.2 Axes
 - Level 1.7 Throwing
 - Level 2.6 Dodging


You had 7 spell levels left.
You didn't know any spells.
Your spell library contained the following spells:

 Spells                   Type           Power      Damage    Failure   Level
 Corpse Rot               Necr/Air       0%         N/A       77%         2
 Swiftness                Air            0%         N/A       94%         3
 Irradiate                Conj/Tmut      0%         3d14      100%        5
 Dragon Form              Tmut           Unusable   N/A       N/A         7

Dungeon Overview and Level Annotations

Branches:
Dungeon (4/15)              Sewer (visited)
 Temple: D:4-7

Altars:

Annotations:
D:4 Menkaure


Innate Abilities, Weirdness & Mutations

You thrive by killing the living.
You are immune to poison.
You have sharp fingernails.
Your flesh is cold resistant. (rC+)
You are immune to negative energy. (rN+++)
You do not regenerate when monsters are visible.
You are immune to unholy pain and torment.


Message History

The ogre looks as sick as possible!
The ogre is lightly wounded.
Menkaure, Prince of Dust comes into view.
Menkaure shouts!
You hit the ogre but do no damage.
The ogre is severely wounded.
The ogre barely misses you.
Your ring mail prevents you from hitting the ogre.
The ogre is severely wounded.
You hit Menkaure. The ogre hits you but does no damage.
You barely miss the ogre.
The ogre is almost dead.
You slash Menkaure! Menkaure hits you!
The ogre hits you with a +0 giant club!!
You barely miss the ogre.
The ogre is almost dead.
You hit Menkaure but do no damage. Menkaure hits you but does no damage.
The ogre hits you with a +0 giant club.
You barely miss the ogre.
The ogre is almost dead.
You barely miss Menkaure.
You kill the ogre!
Menkaure hits you!!
* * * LOW HITPOINT WARNING * * *
Your Axes skill increases to level 7!
You have reached level 8!
It was a potion of attraction.
You feel attractive to monsters. Menkaure closely misses you.
You slash Menkaure!
Menkaure is severely damaged.
Menkaure barely misses you.
You barely miss Menkaure.
Menkaure is severely damaged.
Menkaure mumbles some strange words.
Menkaure seems to speed up.
You hit Menkaure.
Menkaure is almost destroyed.
Menkaure hits you!
You die...

#. ### #. ..# #(
#.# #( #.# #(# #.#
#(# #.# #.##
#.##M#.##
##########.#@###.##
#..........)## ##.#
#.##########.###.##
#.# ##.#..# #.#
##.#.# #.# ###.#
#.############ #.#
#........)...###.#
#########.....##.#


You could see Menkaure (fast).

Vanquished Creatures
  Grinder (D:4)
  Eustachio (D:4)
  Pargi (Sewer)
  An ogre (D:4)
  A phantom (D:4)
  A scorpion (D:4)
  An orc priest (D:4)
  A hound skeleton (D:4)
  Robin (D:4)
  6 adders
  An adder skeleton (D:4)
  A worm (D:3)
  A dart slug (D:2)
  11 orcs
  4 endoplasms
  4 giant cockroaches
  14 goblins
  9 hobgoblins
  10 jackals
  15 kobolds
  2 quokkas
  7 ball pythons
  9 bats
  3 frilled lizards
  5 rats
111 creatures vanquished.

Notes
Turn   | Place    | Note
-------+----------+-------------------------------------------
     0 | D:1      | Majang the Ghoul Gladiator began the quest for the Orb.
     0 | D:1      | Reached XP level 1. HP: 17/17 MP: 0/0
   244 | D:1      | Reached skill level 3 in Axes
   246 | D:1      | Reached XP level 2. HP: 25/25 MP: 1/1
  1076 | D:1      | Reached XP level 3. HP: 30/30 MP: 2/2
  2171 | D:3      | Reached XP level 4. HP: 38/38 MP: 3/3
  2181 | D:3      | Found a glowing drain.
  2194 | D:3      | Reached skill level 4 in Axes
  2205 | Sewer    | Entered a sewer
  2372 | Sewer    | Noticed Pargi
  2380 | Sewer    | Killed Pargi
  2381 | Sewer    | Reached XP level 5. HP: 46/46 MP: 4/4
  2389 | Sewer    | Identified the +1 cloak "Vuttueh" {Int+4}
  2816 | D:3      | Reached skill level 5 in Axes
  2969 | D:4      | Reached XP level 6. HP: 43/52 MP: 5/5
  3148 | D:4      | Noticed Eustachio
  3205 | D:4      | HP: 2/52 [crimson imp[Eustachio] (2)]
  3207 | D:4      | Killed Eustachio
  3551 | D:4      | Noticed Grinder
  3571 | D:4      | Killed Grinder
  3572 | D:4      | Reached skill level 5 in Fighting
  3572 | D:4      | Reached skill level 6 in Axes
  3572 | D:4      | Reached XP level 7. HP: 49/61 MP: 6/6
  3876 | D:4      | Noticed Robin
  3899 | D:4      | Killed Robin
  3974 | D:4      | Got the Reference Book on Transformation and Weightlessness
  3993 | D:4      | Noticed Menkaure
  4000 | D:4      | Reached skill level 7 in Axes
  4000 | D:4      | Reached XP level 8. HP: 10/70 MP: 7/7
  4003 | D:4      | Slain by Menkaure

Illustrated notes

Levels and vault maps discovered:
D:1:      minmay_arrival_cross, layout_basic, serial_curves, eino_curves_02,
          eino_curves_02
D:2:      layout_basic, chequers_big_river
D:3:      layout_basic, cheibrodos_sewer_entry_drain, minmay_goblin_kobold_house
D:4:      layout_loops_ring, uniq_eustachio, uniq_natasha, uniq_robin,
          uniq_menkaure, uniq_edmund, uniq_grinder

Skill      XL: |  1  2  3  4  5  6  7 |
---------------+----------------------+-----
Axes           | 3 4 5 6 7 |  7.2
Fighting       | 3 4 5 |  5.9
Throwing       | |  1.7
Dodging        | |  2.6

Action                   |  1- 3 |  4- 6 |  7- 9 || total
-------------------------+-------+-------+-------++-------
Melee: War axe           |   136 |   163 |    49 ||   348
Throw: Throwing net      |       |     3 |       ||     3
       Boomerang         |       |     2 |       ||     2
       Dart              |       |       |     4 ||     4
  Use: Scroll            |     2 |     5 |       ||     7
       Potion            |       |       |     1 ||     1
 Stab: Held in net/web   |       |     1 |       ||     1
Armor: Leather armour    |    48 |    13 |       ||    61
       Ring mail         |       |   110 |    15 ||   125
Dodge: Dodged            |    97 |   165 |    24 ||   286

Table legend: (Time is in decaauts)
 A = Elapsed time spent in this place.
 B = Non-inter-level travel time spent in this place.
 C = Inter-level travel time spent in this place.
 D = Time resting spent in this place.
 E = Time spent auto-exploring this place.
 F = Levels seen in this place.
 G = Mean time per level.
                   A        B        C        D        E       F      G
               +--------+--------+--------+--------+--------+-----+--------+
         Total |   4109 |   3883 |    226 |    816 |   1972 |   5 |  821.8 |
       Dungeon |   3895 |   3669 |    226 |    776 |   1972 |   4 |  973.8 |
         Sewer |    213 |    213 |      0 |     40 |      0 |   1 |  213.0 |
               +--------+--------+--------+--------+--------+-----+--------+

Top non-repeatable levels by time:
     D:1: 1341 daAuts
     D:4: 1037 daAuts
     D:2: 854 daAuts
     D:3: 662 daAuts
   Sewer: 213 daAuts
